AoeStats
← Fislim

African Clearing

510693409Analyzed
3v3 RM · 13h ago on Oct 2, 2026· 52m 35s· 6 players
Game mode
Random Map
Map size
Normal (6 player)
Population
200
Speed
Normal
Resources
Standard
Victory
Conquest
Starting age
Dark Age
Ending age
Imperial Age
RankedLock teamsTeams togetherTeam positionsShared explorationLock speedFull tech treeHidden civsTurbo modeCheats
Victory
Defeat
🇨🇳 Magyars · China
1182
+7
🇨🇳 Vietnamese · China
982
+15
🇨🇳 Franks · China
847
+20
🇺🇸 Tatars · United States
986
-15
🇲🇽 Chinese · Mexico
953
-14
🇺🇸 Franks · United States
926
-13
SamoMx
3:16 Loom
13:17 Feudal Age
17:22 Fletching
18:24 Town Watch
22:03 Padded Archer Armor
25:22 Castle Age
24:30 Gold Mining
26:01 Crossbowman
26:40 Bodkin Arrow
32:00 Leather Archer Armor
32:28 Elite Skirmisher
38:09 Stone Mining
38:20 Double-Bit Axe
41:28 Imperial Age
41:00 Thumb Ring
43:02 Conscription
45:15 Bracer
49:51 Ballistics
Paperclip
4:44 Loom
16:40 Feudal Age
17:36 Town Watch
28:37 Fletching
32:01 Gold Mining
33:27 Wheelbarrow
34:31 Double-Bit Axe
47:49 Castle Age
El Jay Dizzy
6:32 Loom
15:30 Feudal Age
16:29 Double-Bit Axe
17:11 Horse Collar
21:14 Bloodlines
22:36 Wheelbarrow
22:25 Scale Barding Armor
23:15 Forging
23:30 Town Watch
29:25 Castle Age
28:30 Fletching
28:42 Padded Archer Armor
29:44 Pikeman
29:51 Crossbowman
33:28 Heavy Plow
34:07 Bow Saw
34:53 Gold Mining
35:25 Stone Mining
35:34 Light Cavalry
36:33 Bodkin Arrow
36:35 Elite Skirmisher
38:12 Chain Barding Armor
41:42 Hand Cart
45:42 Ballistics
45:18 Murder Holes
Fislim
6:09 Loom
13:53 Feudal Age
15:38 Double-Bit Axe
20:39 Castle Age
19:03 Scale Barding Armor
20:03 Bloodlines
22:36 Stone Mining
23:00 Husbandry
23:58 Bow Saw
27:31 Gold Mining
27:25 Horse Collar
30:06 Gold Shaft Mining
31:50 Chain Barding Armor
32:07 Wheelbarrow
32:25 Corvinian Army
33:15 Hand Cart
39:24 Imperial Age
38:14 Fletching
38:25 Padded Archer Armor
39:25 Thumb Ring
39:31 Capped Ram
40:40 Conscription
40:26 Recurve Bow
39:47 Elite Magyar Huszar
40:26 Heavy Cavalry Archer
41:31 Parthian Tactics
44:42 Bodkin Arrow
45:03 Leather Archer Armor
45:25 Plate Barding Armor
49:38 Bracer
50:08 Ring Archer Armor
aristotlephd
18:51 Feudal Age
20:48 Double-Bit Axe
21:38 Gold Mining
21:39 Stone Mining
24:13 Castle Age
24:02 Fletching
24:18 Scale Barding Armor
25:46 Bow Saw
28:43 Arson
28:59 Squires
28:19 Pikeman
29:57 Husbandry
33:45 Gold Shaft Mining
33:08 Bodkin Arrow
40:58 Imperial Age
38:56 Chain Barding Armor
39:40 Wheelbarrow
38:51 Town Watch
38:52 Loom
40:30 Scale Mail Armor
40:41 Forging
41:38 Cavalier
42:08 Cranequins
43:52 Ballistics
44:11 Heavy Mounted Crossbowman
45:42 Hand Cart
45:28 Town Patrol
48:15 Chemistry
47:33 Paladin
xmjin_king
5:57 Loom
16:28 Feudal Age
17:35 Double-Bit Axe
20:06 Wheelbarrow
19:37 Fletching
23:36 Castle Age
22:12 Padded Archer Armor
24:06 Crossbowman
27:33 Bodkin Arrow
27:54 Leather Archer Armor
27:53 Thumb Ring
39:42 Leather Archer Armor
45:24 Imperial Age
45:25 Bloodlines
45:30 Arbalester
46:59 Bracer
47:17 Bow Saw
49:34 Elite Battle Elephant
53:01 Hand Cart
Connection lost

Rejoining the realm…

Still unreachable

The connection could not be restored.

Session expired

The server has moved on; the page needs a fresh start.